 Dungeon Crawl Stone Soup version 0.20.1-1-g8b1a95d (webtiles) character file.

250 Inarius the Grave Robber (level 6, -4/51 HPs)
             Began as a Hill Orc Necromancer on July 3, 2017.
             Slain by a starcursed mass (11 damage)
             ... on level 2 of the Abyss.
             The game lasted 00:14:45 (3748 turns).

Inarius the Grave Robber (Hill Orc Necromancer)     Turns: 3748, Time: 00:14:45

Health: -4/51      AC:  6    Str:  8    XL:     6   Next: 13%
Magic:  10/10      EV: 10    Int: 17    God:
Gold:   206        SH:  0    Dex: 13    Spells: 5/10 levels left

rFire    . . .     SeeInvis .   I - +6 spear of Imminent Death {freeze, Str+2 Dex+2}
rCold    . . .     Gourm    .   (no shield)
rNeg     . . .     Faith    .   w - +0 ring mail (curse)
rPois    .         Spirit   .   (no helmet)
rElec    .         Reflect  .   J - +0 cloak
rCorr    .         Harm     .   (no gloves)
MR       .....                  (no boots)
Stlth    +.........             v - amulet of magic regeneration
Regen    0.2/turn               k - ring of wizardry
MPRegen  0.2/turn               y - -5 ring of strength (curse)

@: no status effects
A: no striking features
a: no special abilities


You were on level 2 of the Abyss.
You were not hungry.

You visited 1 branch of the dungeon, and saw 4 of its levels.
You visited the Abyss 1 time.

You collected 206 gold pieces.

Inventory:

Hand Weapons
 d - a +2 dagger of venom
 f - a +2 mace of holy wrath
 u - a +0 spear of distortion
 I - the +6 spear of Imminent Death (weapon) {freeze, Str+2 Dex+2}
   (You found it on level 4 of the Dungeon)

   It has been specially enchanted to freeze those struck by it, causing extra
   injury to most foes and up to half again as much damage against particularly
   susceptible opponents.
   It can also slow down cold-blooded creatures.
   It affects your strength (+2).
   It affects your dexterity (+2).
Armour
 r - a +0 leather armour
 w - a cursed +0 ring mail (worn)
 C - a +0 scale mail
 D - a +0 scale mail
 J - a +0 cloak (worn)
Jewellery
 k - a ring of wizardry (left hand)
 v - an amulet of magic regeneration (around neck)
 y - a cursed -5 ring of strength (right hand)
 A - an uncursed ring of fire {unknown}
 G - a +6 ring of strength
Scrolls
 h - 3 scrolls of blinking
 j - a scroll of fear
 m - 3 scrolls of amnesia
 n - a scroll of immolation
 s - 5 scrolls of identify
 x - a scroll of teleportation
 B - a scroll of fog
 E - a scroll of enchant weapon
 K - a scroll of remove curse
Potions
 a - a potion of agility {unknown}
 e - 2 potions of haste {unknown}
 i - a potion of heal wounds {unknown}
 l - 3 potions of curing {unknown}
 o - a potion of brilliance {unknown}
 q - a potion of degeneration {unknown}
 t - 2 potions of might {unknown}
 z - a potion of invisibility {unknown}
 H - a potion of mutation {unknown}
Books
 b - a book of Necromancy

   Spells                             Type                      Level
   a - Pain                           Necromancy                   1
   b - Animate Skeleton               Necromancy                   1
   c - Vampiric Draining              Necromancy                   3
   d - Regeneration                   Charms/Necromancy            3
   e - Animate Dead                   Necromancy                   4
   f - Control Undead                 Necromancy                   4
Comestibles
 c - 5 bread rations
 g - a fruit
 p - 3 meat rations
 F - a royal jelly


   Skills:
 + Level 3.0 Fighting
 - Level 0.4 Short Blades
 + Level 2.8 Armour
 - Level 1.5 Dodging
 - Level 1.5 Stealth
 + Level 2.7 Spellcasting
 + Level 5.0 Necromancy


You had 5 spell levels left.
You knew the following spells:

 Your Spells              Type           Power        Failure   Level  Hunger
a - Pain                  Necr           ###.         2%          1    #......
b - Animate Skeleton      Necr           N/A          2%          1    #......
c - Regeneration          Chrm/Necr      ##........   22%         3    ###....


Dungeon Overview and Level Annotations

Branches:
Dungeon (4/15)
 Temple: D:4-7

Altars:
Nemelex Xobeh
Trog


Message History

You are too injured to fight recklessly!
You are too injured to fight recklessly!
Unknown command.
You are too injured to fight recklessly!
Unknown command.
You are too injured to fight recklessly!
Unknown command.
You hit the starcursed mass but do no damage.
The starcursed mass barely misses you.
A deafening chorus of shrieks assaults your mind!
* * * LOW HITPOINT WARNING * * *
You suddenly lose the ability to move!
The starcursed mass engulfs you.
* * * LOW HITPOINT WARNING * * *
A starcursed mass splits.
You can move again.
Unknown command.
Unknown command.
You hit the starcursed mass but do no damage.
The starcursed mass engulfs you!
You die...

##.....#.#
###....# #
##. ....#
#.#..#.###
....#X##.#
#..#.#.X..#
.# #..X#.#
#.##XXX#.#
#.._@X#.#
####..#X#.
#.##..###.#.
.=#.... #...
..##... ..#
#... ...
#.## .. ##


You could see 8 starcursed masses.

Vanquished Creatures
  An orc priest (D:3)
  2 orc wizards (D:3)
  3 adders
  3 gnolls (D:2)
  A dart slug (D:2)
  3 leopard geckos
  11 orcs
  7 bats
  3 giant cockroaches (D:3)
  6 goblins
  5 hobgoblins
  2 jackals (D:2)
  4 frilled lizards
  6 kobolds
  4 rats
61 creatures vanquished.

Vanquished Creatures (collateral kills)
  An iguana (D:3)
  An adder (D:3)
  A worm (D:2)
  4 orcs (D:3)
  3 bats
  A giant cockroach (D:2)
  3 hobgoblins
  3 jackals
  A rat (D:2)
18 creatures vanquished.

Grand Total: 79 creatures vanquished

Notes
Turn   | Place    | Note
-------+----------+-------------------------------------------
     0 | D:1      | Inarius the Hill Orc Necromancer began the quest for the Orb.
     0 | D:1      | Reached XP level 1. HP: 14/14 MP: 3/3
    23 | D:1      | Learned a level 1 spell: Animate Skeleton
   279 | D:1      | Reached XP level 2. HP: 16/22 MP: 4/4
   320 | D:1      | Reached skill level 1 in Fighting
   666 | D:2      | Found a sparkling altar of Nemelex Xobeh.
   840 | D:2      | Reached XP level 3. HP: 21/28 MP: 1/5
   998 | D:2      | Reached skill level 1 in Armour
  1025 | D:2      | Learned a level 3 spell: Regeneration
  1187 | D:2      | Reached XP level 4. HP: 16/36 MP: 4/6
  1686 | D:3      | Reached XP level 5. HP: 36/41 MP: 2/8
  2450 | D:3      | Found a faded altar of an unknown god.
  2918 | D:3      | Reached XP level 6. HP: 21/51 MP: 7/9
  3080 | D:3      | Reached skill level 5 in Necromancy
  3378 | D:4      | Got a jewelled spear
  3677 | D:4      | Found a bloodstained altar of Trog.
  3694 | D:4      | Identified the +6 spear of Imminent Death {freeze, Str+2 Dex+2} (You found it on level 4 of the Dungeon)
  3694 | D:4      | Cast into level 2 of the Abyss (a distortion unwield)
  3694 | Abyss:2  | Found a corrupted altar of Lugonu.
  3737 | Abyss:2  | Noticed a starcursed mass
  3747 | Abyss:2  | Paralysed by accursed screaming for 1 turns
  3748 | Abyss:2  | Slain by a starcursed mass

Skill      XL: |  1  2  3  4  5  6 |
---------------+-------------------+-----
Fighting       | 1 2 3 |  3.0
Armour         | 1 2 |  2.8
Spellcasting   | 2 |  2.7
Necromancy     | 5 |  5.0
Short Blades   | |  0.4
Dodging        | |  1.5
Stealth        | |  1.5

Action                   |  1- 3 |  4- 6 || total
-------------------------+-------+-------++-------
Melee: Dagger            |    64 |    94 ||   158
       Spear             |       |     5 ||     5
 Cast: Animate Skeleton  |    18 |    18 ||    36
       Pain              |    10 |    57 ||    67
       Regeneration      |       |     3 ||     3
  Use: Scroll            |     6 |     4 ||    10
  Eat: Chunk             |     1 |    10 ||    11
Armor: Robe              |     7 |       ||     7
       Leather armour    |     7 |       ||     7
       Ring mail         |    18 |    44 ||    62
Dodge: Dodged            |    57 |    59 ||   116
